 Dungeon Crawl Stone Soup version 0.25-a0-549-g6e6e6501ad (webtiles) character file.

Game seed: 11446143399315401588, levelgen mode: deterministic

171 DerDa the Firebug (level 5, 0/35 HPs)
             Began as a Demonspawn Fire Elementalist on Feb 23, 2020.
             Slain by an adder (1 damage)
             ... on level 3 of the Dungeon.
             The game lasted 00:06:43 (2093 turns).

DerDa the Firebug (Demonspawn Fire Elementalist)    Turns: 2093, Time: 00:06:43

Health: 0/35       AC:  3    Str:  8    XL:     5   Next: 26%
Magic:  7/9        EV: 15    Int: 17    God:
Gold:   91         SH:  0    Dex: 14    Spells: 9/10 levels left

rFire    . . .     SeeInvis .   b - +2 whip (elec)
rCold    . . .     Gourm    .   (no shield)
rNeg     . . .     Faith    .   a - +1 robe
rPois    .         Spirit   .   (no helmet)
rElec    .         Reflect  .   (no cloak)
rCorr    .         Harm     .   (no gloves)
MR       .....                  (no boots)
Stlth    +.........             (no amulet)
HPRegen  0.11/turn              (no ring)
MPRegen  0.11/turn              (no ring)

@: lethally poisoned (0 -> -3), hasted, slow
A: repulsion field 2
a: no special abilities


You were on level 3 of the Dungeon.
You were not hungry.

You visited 1 branch of the dungeon, and saw 3 of its levels.

You collected 91 gold pieces.

Inventory:

Hand Weapons
 b - a +2 whip of electrocution (weapon)
 i - a +2 mace of holy wrath
 o - a cursed -2 spear
 q - a +0 hunting sling
Missiles
 g - 51 sling bullets
 l - 105 stones (quivered)
Armour
 a - a +1 robe (worn)
Scrolls
 d - a scroll of remove curse
 e - a scroll of teleportation
 f - a scroll of enchant weapon {unknown}
 m - a scroll of identify
 n - 2 scrolls of immolation
 p - a scroll of magic mapping {unknown}
 r - a scroll of fear {unknown}
Potions
 j - a potion of stabbing
 k - a potion of haste
Comestibles
 c - 6 rations
 h - 7 chunks of flesh


   Skills:
 - Level 1.7 Dodging
 - Level 1.7 Stealth
 * Level 3.3 Spellcasting
 * Level 3.0 Conjurations
 * Level 3.8 Fire Magic


You had 9 spell levels left.
You knew the following spells:

 Your Spells              Type           Power        Failure   Level  Hunger
a - Foxfire               Conj/Fire      ##..         4%          1    None

Your spell library contained the following spells:

 Spells                   Type           Power        Failure   Level  Hunger
 Conjure Flame            Conj/Fire      ##......     12%         3    ###....
 Inner Flame              Hex/Fire       #.......     22%         3    ###....
 Sticky Flame             Conj/Fire      ##......     38%         4    ####...
 Fireball                 Conj/Fire      ##........   75%         5    ######.


Dungeon Overview and Level Annotations

Branches:
Dungeon (3/15)

Altars:
Nemelex Xobeh
Trog

Annotations:
D:3 exclusion: 2 doors


Innate Abilities, Weirdness & Mutations

You are surrounded by a moderate repulsion field. (EV +3)


Message History

Your foxfire dissipates!
Casting: Foxfire (safe; 4% risk of failure)
Confirm with . or Enter, or press ? or * to list all spells.
You conjure some foxfire!
The adder barely misses you.
Your foxfire dissipates!
The adder closely misses you.
You feel sick. The adder bites you.
* * * LOW HITPOINT WARNING * * *
You are lethally poisoned!
The adder poisons you!
Your unstable footing causes you to fumble your attack.
The adder barely misses you.
Your unstable footing causes you to fumble your attack.
The adder bites you.
* * * LOW HITPOINT WARNING * * *
Your unstable footing causes you to fumble your attack.
Your unstable footing causes you to fumble your attack.
* * * LOW HITPOINT WARNING * * *
You feel sick. The adder barely misses you. The adder bites you.
You die...

#.≈.P## #.# ## ....♣# #.# # #####
#.# # ################## #.# #
.......##≈†.≈≈≈≈≈### #.# #
########.########..######.# #
#####≈##≈≈≈≈≈##........# #
#...#≈#.#####S####.##### #
#.###.#. #@# #.# ####.###≈#. #≈#
#.# .......#≈#≈ #≈# #.#
###..)##≈#######≈# ..#
##....###≈÷≈≈≈..## #.#
#...############## #.#
#.....#>.........####.#########
......#.......................###
.................................


You could see an adder.

Vanquished Creatures
  An ogre (D:3)
  2 adders (D:2)
  A river rat (D:3)
  A worm (D:3)
  A dart slug (D:2)
  4 leopard geckos
  An orc (D:3)
  A ball python (D:1)
  7 giant cockroaches
  7 goblins
  4 hobgoblins (D:1)
  4 kobolds
  8 bats
  4 frilled lizards
  9 rats
55 creatures vanquished.

Vanquished Creatures (others)
  102 foxfires
102 creatures vanquished.

Grand Total: 157 creatures vanquished

Notes
Turn   | Place    | Note
-------+----------+-------------------------------------------
     0 | D:1      | DerDa the Demonspawn Fire Elementalist began the quest for
                  | the Orb.
     0 | D:1      | Reached XP level 1. HP: 13/13 MP: 3/3
   267 | D:1      | Gained mutation: You are surrounded by a mild repulsion
                  | field. (EV +2) [demonic ancestry]
   267 | D:1      | Reached XP level 2. HP: 14/19 MP: 1/5
   841 | D:1      | Reached XP level 3. HP: 16/24 MP: 1/6
  1593 | D:3      | Found a bloodstained altar of Trog.
  1593 | D:3      | Found a sparkling altar of Nemelex Xobeh.
  1628 | D:3      | Noticed an ogre
  1651 | D:3      | Killed an ogre
  1651 | D:3      | Gained mutation: You are surrounded by a moderate repulsion
                  | field. (EV +3) [demonic ancestry]
  1651 | D:3      | Reached XP level 4. HP: 30/30 MP: 1/8
  1651 | D:3      | Reached XP level 5. HP: 35/35 MP: 1/9
  2093 | D:3      | HP: 1/35 [poisoned by an adder]
  2093 | D:3      | Slain by an adder

Levels and vault maps discovered:
D:1:      minmay_arrival_glassed_features, layout_loops_ring
D:2:      layout_basic
D:3:      minmay_goblin_kobold_castle, layout_loops_ring,
          gammafunk_temple_overflow_statue, gup_sewer_entry_spiral,
          serial_bayou_pond_e

Skill      XL: |  1  2  3  4  5 |
---------------+----------------+-----
Fire Magic     | 3 |  3.8
Conjurations   | 2 3 |  3.0
Spellcasting   | 3 |  3.3
Dodging        | |  1.7
Stealth        | |  1.7

Action                   |  1- 3 |  4- 6 || total
-------------------------+-------+-------++-------
Melee: Whip              |    47 |    30 ||    77
 Cast: Foxfire           |    55 |    18 ||    73
  Use: Scroll            |     6 |       ||     6
       Potion            |       |     1 ||     1
 Stab: Sleeping          |       |     1 ||     1
  Eat: Chunk             |     3 |     1 ||     4
Armor: Robe              |     5 |     4 ||     9
Dodge: Dodged            |    47 |    32 ||    79

Table legend:
 A = Non-vault XP
 B = Vault XP
 C = Vault XP percentage of total XP
 D = Non-vault monster count
 E = Vault monster count
 F = Vault count percentage of total count
                 A         B        C        D         E       F
            +---------+---------+-------+---------+---------+-------
      Total |     220 |      25 |  10.2 |      49 |       6 |  10.9
            +---------+---------+-------+---------+---------+-------
        D:1 |      47 |       0 |   0.0 |      30 |       0 |   0.0
        D:2 |      42 |       0 |   0.0 |      11 |       0 |   0.0
        D:3 |     131 |      25 |  16.0 |       8 |       6 |  42.9
            +---------+---------+-------+---------+---------+-------
